 Dungeon Sprint DCSS version 0.27-a0-1334-g2746e35aca (console) character file.

Game seed: 13641646028226819543

626 Hector the Cleaver (level 7, 0/50 HPs)
             Began as a Gargoyle Fighter on June 26, 2021.
             Was an Initiate of Qazlal.
             Slain by Sonja (9 damage)
             ... in the Dungeon (Sprint I: "Red Sonja").
             The game lasted 00:03:37 (277 turns).

Hector the Cleaver (Gargoyle Fighter)                Turns: 277, Time: 00:03:37

Health: 0/50       AC: 19    Str: 22    XL:     7   Next: 47%
Magic:  7/7        EV:  6    Int:  8    God:    Qazlal [......]
Gold:   415        SH: 11    Dex:  9    Spells: 6/6 levels left

rFire    + . .     SeeInvis .   a - +0 war axe
rCold    . . .     Faith    .   i - +0 kite shield
rNeg     + . .     Spirit   .   d - +4 chain mail {rF+}
rPois    ∞         Reflect  .   (no helmet)
rElec    +         Harm     .   (no cloak)
rCorr    .         Rampage  .   (no gloves)
Will     .....     NoTele   +   (no boots)
Stlth    ..........             (no amulet)
HPRegen  0.16/turn              (no ring)
MPRegen  0.10/turn              (no ring)

@: no status effects
A: sickness immunity, AC +4, negative energy resistance 1, electricity
resistance, torment resistance 1, petrification resistance
a: Renounce Religion


You were in the Dungeon.
You worshipped Qazlal.
Qazlal was noncommittal.
You visited 1 branch You collected 415 gold pieces.

Inventory:

Hand Weapons
 a - a +0 war axe (weapon)
Armour
 b - a +0 scale mail
 d - a +4 chain mail of fire resistance (worn)
 i - a +0 kite shield (worn)
Scrolls
 j - a scroll of blinking
Potions
 c - a potion of mutation {unknown}
 h - 2 potions of magic


   Skills:
 + Level 8.5 Fighting
 * Level 9.8 Axes
 + Level 8.0 Armour
 + Level 0.3 Dodging
 + Level 7.9 Shields


You had 6 spell levels left.
You didn't know any spells.
Your spell library was empty.

Dungeon Overview and Level Annotations

Branches:
Dungeon (1/1)

Altars:
Cheibriados
Dithmenos
Elyvilon
Fedhas
Gozag
Hepliaklqana
Kikubaaqudgha
Makhleb
Nemelex Xobeh
Okawaru
Qazlal
Ru
Sif Muna
Trog
Uskayaw
Vehumet
Wu Jian
Xom
Yredelemnul
Zin
The Shining One
Jiyva
Lugonu

Shops:
D :

Annotations:
D Sonja


Innate Abilities, Weirdness & Mutations

You are immune to sickness and miasma.
Your stone body is resilient. (AC +4)
You are immune to poison.
You resist negative energy. (rN+)
You are resistant to electric shocks. (rElec)
You are resistant to unholy torment.
You are immune to petrification.


Message History

You don't know any spells.
You close the door.
Sonja opens the door.
You closely miss Sonja. Sonja closely misses you. You block Sonja's attack.
Sonja hits you but does no damage. You block Sonja's attack.
Sonja hits you but does no damage.
Sonja hits you with a +1 short sword of distortion.
Space bends around you.
You hit Sonja.
Sonja is lightly wounded.
Sonja casts a spell.
Sonja blinks!
You close the door.
Sonja opens the door.
You hit Sonja but do no damage.
Sonja is lightly wounded.
Sonja hits you but does no damage. Space bends around you.
Sonja hits you with a +1 short sword of distortion. x2
Space bends around you. Sonja completely misses you.
Sonja hits you but does no damage. Space bends around you.
You block Sonja's attack.
You barely miss Sonja.
Sonja is lightly wounded.
Sonja mumbles some strange words.
Sonja blinks!
Sonja mumbles some strange words.
Sonja blinks!
Sonja closely misses you. You block Sonja's attack. x2
There is an open door, spattered with blood here.
You completely miss Sonja.
Sonja is lightly wounded.
Sonja hits you but does no damage. Space warps horribly around you!
* * * LOW HITPOINT WARNING * * *
Sonja hits you but does no damage. x2; Space bends around you.
* * * LOW HITPOINT WARNING * * *
Unknown command.
You completely miss Sonja.
Sonja is lightly wounded.
You block Sonja's attack. Sonja hits you but does no damage.
Space warps horribly around you!
You die...

#..').#..').#..'^.'..#
#..#####'#####'#__####
#..####..#...#[####
#..#__####..##.#
#..#_____##'#_.+
#⌠⌠#_.∩...'..._#
####_..__##_.#+#
#_____###K# #######
#@# +$.$+ #$.$# ##.##
#+#


You could see Sonja.

Vanquished Creatures
  A slime creature (D)
  Sigmund (D)
  A yak (D)
  An ogre (D)
  A jelly (D)
  Ijyb (D)
6 creatures vanquished.

Notes
Turn   | Place    | Note
-------+----------+-------------------------------------------
     0 | D        | Hector the Gargoyle Fighter began the quest for the Orb.
     0 | D        | Reached XP level 1. HP: 14/14 MP: 1/1
     2 | D        | Noticed Ijyb
    10 | D        | Killed Ijyb
    11 | D        | Reached skill level 3 in Axes
    11 | D        | Reached XP level 2. HP: 20/20 MP: 2/2
    11 | D        | Reached XP level 3. HP: 24/24 MP: 3/3
    61 | D        | Noticed an ogre
    68 | D        | Killed an ogre
    69 | D        | Reached skill level 5 in Fighting
    69 | D        | Reached skill level 5 in Axes
    69 | D        | Reached skill level 5 in Armour
    69 | D        | Reached skill level 5 in Shields
    69 | D        | Reached XP level 4. HP: 25/32 MP: 4/4
   145 | D        | Noticed Sigmund
   160 | D        | Killed Sigmund
   161 | D        | Reached skill level 7 in Axes
   161 | D        | Reached XP level 5. HP: 32/38 MP: 5/5
   161 | D        | Reached XP level 6. HP: 37/44 MP: 6/6
   175 | D        | Found a burning altar of Makhleb.
   175 | D        | Found a viscous altar of Jiyva.
   175 | D        | Found a shimmering altar of Xom.
   175 | D        | Found a corrupted altar of Lugonu.
   175 | D        | Noticed a slime creature
   183 | D        | Killed a slime creature
   184 | D        | Reached skill level 9 in Axes
   184 | D        | Reached XP level 7. HP: 42/49 MP: 7/7
   201 | D        | Found an ornate altar of the Wu Jian Council.
   201 | D        | Found a shimmering blue altar of Sif Muna.
   203 | D        | Found a radiant altar of Vehumet.
   245 | D        | Found Piger Cust's Book Emporium.
   245 | D        | Found an ancient bone altar of Kikubaaqudgha.
   245 | D        | Found a hazy altar of Hepliaklqana.
   245 | D        | Found a stormy altar of Qazlal.
   245 | D        | Found a hide-covered altar of Uskayaw.
   245 | D        | Found a blossoming altar of Fedhas.
   245 | D        | Found a bloodstained altar of Trog.
   245 | D        | Found an iron altar of Okawaru.
   245 | D        | Found a basalt altar of Yredelemnul.
   245 | D        | Found a glowing golden altar of the Shining One.
   245 | D        | Found a snail-covered altar of Cheibriados.
   245 | D        | Found a sacrificial altar of Ru.
   245 | D        | Found a glowing silver altar of Zin.
   245 | D        | Found a shadowy altar of Dithmenos.
   245 | D        | Found a white marble altar of Elyvilon.
   245 | D        | Noticed a yak
   253 | D        | Killed a yak
   254 | D        | Found an opulent altar of Gozag.
   255 | D        | Found a sparkling altar of Nemelex Xobeh.
   259 | D        | Became a worshipper of Qazlal Stormbringer
   265 | D        | Noticed Sonja
   277 | D        | Slain by Sonja

Illustrated notes

Levels and vault maps discovered:
D:        dungeon_sprint_1 [red_sonja_temple_1, red_sonja_temple_small_1]

Skill      XL: |  1  2  3  4  5  6  7 |
---------------+----------------------+-----
Fighting       | 4 5 7 8 |  8.5
Axes           | 3 5 7 9 |  9.8
Armour         | 4 5 6 7 8 |  8.0
Shields        | 4 5 6 7 |  7.9
Dodging        | |  0.3

Action                   |  1- 3 |  4- 6 |  7- 9 || total
-------------------------+-------+-------+-------++-------
Melee: War axe           |    11 |    17 |    16 ||    44
  Use: Potion            |     2 |     3 |       ||     5
Armor: Scale mail        |     1 |       |       ||     1
       Chain mail        |       |     5 |    15 ||    20
Dodge: Dodged            |     2 |       |     3 ||     5
Block: Kite shield       |     4 |     5 |     8 ||    17

Table legend: (Time is in decaauts)
 A = Elapsed time spent in this place.
 B = Non-inter-level travel time spent in this place.
 C = Inter-level travel time spent in this place.
 D = Time resting spent in this place.
 E = Time spent auto-exploring this place.
 F = Levels seen in this place.
 G = Mean time per level.
                   A        B        C        D        E       F      G
               +--------+--------+--------+--------+--------+-----+--------+
         Total |    287 |    286 |      1 |    123 |      0 |   1 |  287.0 |
       Dungeon |    287 |    286 |      1 |    123 |      0 |   1 |  287.0 |
               +--------+--------+--------+--------+--------+-----+--------+

Top non-repeatable levels by time:
       D: 287 daAuts
